 Dungeon Crawl Stone Soup version 0.31-a0-1074-g0b22e4e0f1 (webtiles) character file.

Game seed: 17955811050199299253

1039 DApurpleWHUMPUS the Ogre Mage (level 8, -3/67 HPs)
             Began as an Ogre Air Elementalist on Dec 4, 2023.
             Killed from afar by an orc wizard (7 damage)
             ... with a puff of flame
             ... on level 6 of the Dungeon.
             The game lasted 00:07:38 (6698 turns).

DApurpleWHUMPUS the Ogre Mage (OgAE)                Turns: 6698, Time: 00:07:38

Health: -3/67      AC:  2    Str: 13    XL:     8   Next: 24%
Magic:  16/17      EV:  9    Int: 18    God:
Gold:   244        SH:  0    Dex:  9    Spells: 11/19 levels left

rFire   . . .        (no weapon)
rCold   . . .        (no shield)
rNeg    + . .        a - +0 robe
rPois   .            (helmet restricted)
rElec   .            (no cloak)
rCorr   .            (gloves unavailable)
SInv    .            (boots unavailable)
Will    .....        (no amulet)
Stlth   +            e - ring of positive energy
HPRegen 0.31/turn    (no ring)
MPRegen 0.15/turn

%: no passive effects
@: no status effects
A: large, unfitting armour, tough skin 1, deformed body, MP-powered wands,
sturdy frame 1
a: no special abilities


You were on level 6 of the Dungeon.
You visited 1 branch of the dungeon, and saw 6 of its levels.

You collected 244 gold pieces.

Inventory:

Missiles
 s - a throwing net
Armour
 a - a +0 robe (worn)
 o - a +0 pair of gloves
Jewellery
 e - a ring of positive energy (left hand)
 h - an amulet of guardian spirit
 t - a ring of see invisible
Wands
 l - a wand of mindburst (11)
Scrolls
 d - 7 scrolls of identify
 f - 3 scrolls of blinking
 g - a scroll of brand weapon {unknown}
 i - a scroll of noise {unknown}
 j - 2 scrolls of teleportation {unknown}
 m - a scroll of torment {unknown}
 n - a scroll of enchant weapon {unknown}
 q - a scroll of poison
 r - a scroll of immolation {unknown}
Potions
 c - a potion of lignification
 k - 2 potions of might {unknown}
 u - a potion of curing {unknown}


   Skills:
 - Level 1.7 Dodging
 - Level 1.4 Stealth
 + Level 6.4 Spellcasting
 + Level 4.8 Conjurations
 + Level 5.5 Air Magic


You had 11 spell levels left.
You knew the following spells:

 Your Spells              Type           Power      Damage    Failure   Level
a - Shock                 Conj/Air       96%        1d9       1%          1
b - Swiftness             Air            25%        N/A       3%          3
c - Airstrike             Air            12%        2d(2-18)  12%         4

Your spell library contained the following spells:

 Spells                   Type           Power      Damage    Failure   Level
 Static Discharge         Conj/Air       48%        3-5/arc   1%          2
 Apportation              Tloc           10%        N/A       12%         1
 Hailstorm                Conj/Ice       14%        3d5       13%         3
 Jinxbite                 Hex            10%        N/A       17%         2
 Scorch                   Fire           10%        2d5       17%         2
 Flame Wave               Conj/Fire      14%        2d6       38%         4
 Summon Ice Beast         Ice/Summ       5%         N/A       75%         4
 Alistair's Intoxication  Tmut/Pois      3%         N/A       97%         5
 Simulacrum               Ice/Necr       2%         N/A       100%        6
 Summon Cactus Giant      Summ           2%         N/A       100%        6


Dungeon Overview and Level Annotations

Branches:
Dungeon (6/15)
 Temple: D:4-7

Altars:
Makhleb
Yredelemnul


Innate Abilities, Weirdness & Mutations

You are too large for most types of armour.
You have tough skin. (AC +1)
Armour fits poorly on your strangely shaped body.
You expend magic power (3 MP) to strengthen your wands.
Your movements are slightly less encumbered by armour. (ER -2)


Message History

The orc wizard barely misses you.
You closely miss the orc wizard.
The orc wizard is almost dead.
The orc wizard barely misses you.
You closely miss the orc wizard.
The orc wizard is almost dead.
The orc wizard gestures wildly while chanting.
The orc wizard flickers and vanishes!
Deactivating autopickup; reactivate with Ctrl-A.
You miss something. Something hits you.
* * * LOW HITPOINT WARNING * * *
You miss something.
You hear some strange, mumbled words.
A magic dart appears from out of thin air!
The magic dart hits you.
* * * LOW HITPOINT WARNING * * *
You barely miss something. Something hits you.
* * * LOW HITPOINT WARNING * * *
Casting: Shock (safe; 1% risk of failure)
Confirm with . or Enter, or press ? or * to list all spells.
You can't see any susceptible monsters within range! (Use Z to cast anyway.)
Casting: Shock (safe; 1% risk of failure)
Confirm with . or Enter, or press ? or * to list all spells.
You don't know that spell.
Okay, then.
You miss something. Something hits you but does no damage.
You barely miss something. Something hits you.
* * * LOW HITPOINT WARNING * * *
You hit something. Something hits you but does no damage.
You closely miss something. Something hits you.
* * * LOW HITPOINT WARNING * * *
You hit something but do no damage. Something hits you.
* * * LOW HITPOINT WARNING * * *
You miss something. Something hits you.
* * * LOW HITPOINT WARNING * * *
You closely miss something.
You hear some strange, mumbled words.
A puff of flame appears from out of thin air!
The puff of flame hits you!
You die...

#... .# #..##.##
# #...#..#.##
#......#..##
#..#.......#
#..#..)....#
#......)....
######.##...#$...
#..@{.......# ...
#.####.##...# .
#.# #.##....# #.#
..##....# #.#
.........#
##.##..###......
#..##.. #....#.#
#.########....###
#.......#


There were no monsters in sight!

Vanquished Creatures
  Grinder (D:5)
  A water moccasin (D:5)
  An ice beast (D:5)
  An ogre (D:5)
  A phantom (D:4)
  A scorpion (D:4)
  4 hounds
  A jelly (D:5)
  An iguana (D:4)
  3 orc wizards
  3 gnolls (D:4)
  6 adders
  A worm (D:5)
  3 dart slugs
  10 orcs
  6 ball pythons
  5 endoplasms
  5 giant cockroaches
  8 goblins
  7 hobgoblins
  4 jackals (D:2)
  5 kobolds
  4 quokkas
  7 bats
  3 frilled lizards
  4 rats
96 creatures vanquished.

Vanquished Creatures (others)
  An orc wizard (D:6)
1 creature vanquished.

Grand Total: 97 creatures vanquished

Notes
Turn   | Place    | Note
-------+----------+-------------------------------------------
     0 | D:1      | DApurpleWHUMPUS the Ogre Air Elementalist began the quest
                  | for the Orb.
     0 | D:1      | Reached XP level 1. HP: 16/16 MP: 3/3
   111 | D:1      | Reached skill level 1 in Conjurations
   244 | D:1      | Reached XP level 2. HP: 24/24 MP: 1/5
   888 | D:1      | Reached skill level 3 in Spellcasting
   979 | D:1      | Reached XP level 3. HP: 31/31 MP: 3/7
  1122 | D:2      | Learned a level 3 spell: Swiftness
  1701 | D:2      | Reached XP level 4. HP: 39/39 MP: 7/9
  2177 | D:2      | Found a faded altar of an unknown god.
  3475 | D:4      | Reached XP level 5. HP: 45/45 MP: 5/10
  3659 | D:4      | Reached skill level 4 in Spellcasting
  3992 | D:4      | Reached XP level 6. HP: 25/53 MP: 0/12
  4556 | D:4      | Found a basalt altar of Yredelemnul.
  4738 | D:5      | Entered Level 5 of the Dungeon
  4787 | D:5      | Reached skill level 5 in Spellcasting
  4974 | D:5      | Reached XP level 7. HP: 54/59 MP: 1/14
  5119 | D:5      | Gained mutation: Armour fits poorly on your strangely
                  | shaped body. [potion of mutation]
  5119 | D:5      | Gained mutation: You expend magic power (3 MP) to
                  | strengthen your wands. [potion of mutation]
  5119 | D:5      | Gained mutation: Your movements are slightly less
                  | encumbered by armour. (ER -2) [potion of mutation]
  5642 | D:5      | Noticed Grinder
  5642 | D:5      | Paralysed by Grinder for 5 turns
  5654 | D:5      | Paralysed by Grinder for 4 turns
  5666 | D:5      | Killed Grinder
  5667 | D:5      | Reached skill level 6 in Spellcasting
  5667 | D:5      | Reached skill level 5 in Air Magic
  5885 | D:5      | Reached XP level 8. HP: 59/67 MP: 11/17
  6436 | D:5      | Found a burning altar of Makhleb.
  6553 | D:6      | Learned a level 4 spell: Airstrike
  6697 | D:6      | HP: 3/67 [something (2)]
  6698 | D:6      | Killed from afar by an orc wizard

Illustrated notes

Levels and vault maps discovered:
D:1:      wheals_arrival_shading, layout_basic
D:2:      wander_river, layout_loops_cross,
          hellmonk_ecumenical_altar_inner_sanctum
D:3:      layout_basic, kennysheep_generic_room_11
D:4:      layout_rooms, lemuel_tele_altar, portal_sewer_entry_d
D:5:      layout_basic, makhleb_heckhound_becter,
          chequers_serial_rivers_micro_a, uniq_grinder
D:6:      minmay_flawed_box, layout_loops_ring, minmay_temple_entry_waves,
          serial_shops, nicolae_shop_peninsula, minmay_crystal_room,
          minmay_diced_spiral

Skill      XL: |  1  2  3  4  5  6  7 |
---------------+----------------------+-----
Conjurations   | 1 2 3 4 |  4.8
Air Magic      | 3 4 5 |  5.5
Spellcasting   | 3 4 5 6 |  6.4
Dodging        | |  1.7
Stealth        | |  1.4

Action                     |  1- 3 |  4- 6 |  7- 9 || total
---------------------------+-------+-------+-------++-------
  Melee: Unarmed           |    29 |    10 |    43 ||    82
   Cast: Shock             |    71 |   168 |    78 ||   317
         Swiftness         |       |       |     1 ||     1
    Use: Scroll            |     3 |       |       ||     3
         Potion            |       |     1 |     4 ||     5
 Armour: Robe              |    26 |    54 |    52 ||   132
         Skin              |       |       |    16 ||    16
  Dodge: Dodged            |    19 |    26 |    20 ||    65

Table legend: (Time is in decaauts)
 A = Elapsed time spent in this place.
 B = Non-inter-level travel time spent in this place.
 C = Inter-level travel time spent in this place.
 D = Time resting spent in this place.
 E = Time spent auto-exploring this place.
 F = Levels seen in this place.
 G = Mean time per level.
                   A        B        C        D        E       F      G
               +--------+--------+--------+--------+--------+-----+--------+
         Total |   6695 |   6511 |    184 |    665 |   5177 |   6 | 1115.8 |
       Dungeon |   6695 |   6511 |    184 |    665 |   5177 |   6 | 1115.8 |
               +--------+--------+--------+--------+--------+-----+--------+

Top non-repeatable levels by time:
     D:5: 1804 daAuts
     D:4: 1267 daAuts
     D:2: 1205 daAuts
     D:3: 1146 daAuts
     D:1: 1117 daAuts
     D:6: 153 daAuts
